 Dungeon Crawl Stone Soup version 0.28.0-1-gb440e238dd (webtiles) character file.

Game seed: 9486968450754746850

3646 hikkokomori the Geomancer (level 10, 0/59 HPs)
             Began as a Gargoyle Earth Elementalist on Feb 21, 2022.
             Was a Believer of Sif Muna.
             Slain by an efreet (11 damage)
             ... on level 8 of the Dungeon.
             The game lasted 00:21:03 (9707 turns).

hikkokomori the Geomancer (GrEE)                    Turns: 9707, Time: 00:21:03

Health: 0/59       AC: 18    Str: 13    XL:     10   Next: 12%
Magic:  17/17      EV: 12    Int: 19    God:    Sif Muna [**....]
Gold:   125        SH:  0    Dex: 16    Spells: 13/19 levels left

rFire   . . .      SeeInvis .   c - +2 morningstar (flame)
rCold   . . .      Faith    .   (no shield)
rNeg    + . .      Spirit   .   B - +0 steam dragon scales
rPois   ∞          Reflect  .   (no helmet)
rElec   +          Harm     .   z - +0 cloak
rCorr   .          Rampage  .   i - +0 pair of gloves
Will    .....                   (no boots)
Stlth   ++........              (no amulet)
HPRegen 0.19/turn               g - +6 ring of dexterity
MPRegen 0.15/turn               m - +4 ring of protection

@: no status effects
A: sickness immunity, AC +7, negative energy resistance 1, electricity
resistance, torment resistance 1, petrification resistance
a: Renounce Religion, Channel Magic


You were on level 8 of the Dungeon.
You worshipped Sif Muna.
Sif Muna was pleased with you.
You visited 2 branches of the dungeon, and saw 9 of its levels.

You collected 484 gold pieces.
You spent 359 gold pieces at shops.

Inventory:

Hand Weapons
 a - a +0 dagger
 c - a +2 morningstar of flaming (weapon)
 e - a +0 short sword
 h - a +0 whip
 v - the +7 spear of the Wilderness {freeze, rPois rF+ Str-5 Int+4}
   (You found it on level 4 of the Dungeon)

   It freezes those it strikes, dealing additional cold damage.
   It can also slow down cold-blooded creatures.
   Str:       It affects your strength (-5).
   Int:       It affects your intelligence (+4).
   rF:        It protects you from fire.
   rPois:     It protects you from poison.
Missiles
 n - 125 stones
 q - 2 throwing nets
Armour
 b - a +0 robe
 i - a +0 pair of gloves (worn)
 p - a +0 scale mail
 z - a +0 cloak (worn)
 B - +0 steam dragon scales (worn)
 E - the +0 robe of the Monkey {Stlth+}
   (You bought it in a shop on level 7 of the Dungeon)

   Stlth:     It makes you more stealthy.
Magical Staves
 r - a staff of fire
Jewellery
 d - a ring of resist corrosion
 g - a +6 ring of dexterity (left hand)
 m - a +4 ring of protection (right hand)
Wands
 j - a wand of flame (13)
 A - a wand of paralysis (3)
 C - a wand of iceblast (8)
Scrolls
 f - a scroll of vulnerability {unknown}
 l - 3 scrolls of teleportation
 o - a scroll of holy word {unknown}
 s - a scroll of immolation
 u - 2 scrolls of amnesia
 w - a scroll of fog
 x - a scroll of torment
 y - a scroll of noise {unknown}
 D - a scroll of enchant armour
 F - a scroll of magic mapping
Potions
 t - a potion of ambrosia


   Skills:
 - Level 5.5 Fighting
 - Level 5.0 Maces & Flails
 - Level 1.5 Dodging
 - Level 2.1 Stealth
 + Level 5.3 Spellcasting
 + Level 3.1 Conjurations
 - Level 0.7 Transmutations
 - Level 9.1 Earth Magic
 + Level 6.5 Invocations
 + Level 4.0 Evocations


You had 13 spell levels left.
You knew the following spells:

 Your Spells              Type           Power      Damage    Failure   Level
a - Sandblast             Erth           78%        2d17      1%          1
b - Passwall              Tmut/Erth      19%        N/A       2%          2
c - Stone Arrow           Conj/Erth      56%        3d10      3%          3

Your spell library contained the following spells:

 Spells                   Type           Power      Damage    Failure   Level
 Static Discharge         Conj/Air       11%        N/A       10%         2
 Petrify                  Tmut/Erth      23%        N/A       16%         4
 Ensorcelled Hibernation  Hex/Ice        10%        N/A       19%         2
 Conjure Flame            Conj/Fire      11%        6-21      19%         3
 Dazzling Flash           Conj/Hex       22%        N/A       19%         3
 Ignite Poison            Fire/Tmut/Pois 5%         N/A       32%         3
 Summon Guardian Golem    Hex/Summ       5%         N/A       36%         3
 Swiftness                Air            5%         N/A       36%         3
 Sticky Flame             Conj/Fire      11%        2d3       54%         4
 Lightning Bolt           Conj/Air       5%         1d17      87%         5
 Agony                    Necr           5%         N/A       98%         5
 Silence                  Hex/Air        2%         N/A       98%         5
 Orb of Destruction       Conj           8%         9d6       100%        7
 Spellforged Servitor     Conj/Summ      5%         N/A       100%        7
 Maxwell's Capacitive Co  Air            2%         ∞         100%        8


Dungeon Overview and Level Annotations

Branches:
Dungeon (8/15)             Temple (1/1) D:4
   Lair: D:8-11

Altars:
Ashenzari
Cheibriados
Dithmenos
Elyvilon
Fedhas
Gozag
Hepliaklqana
Kikubaaqudgha
Makhleb
Nemelex Xobeh
Okawaru
Qazlal
Ru
Sif Muna
Trog
Uskayaw
Wu Jian
Xom
Yredelemnul
Zin
The Shining One

Shops:
D:7 ?[(

Annotations:
D:8 3 runed translucent doors, Arctor's ghost, novice DrTm


Innate Abilities, Weirdness & Mutations

You are immune to sickness and miasma.
Your stone body is resilient. (AC +7)
You are immune to poison.
You resist negative energy. (rN+)
You are resistant to electric shocks. (rElec)
You are resistant to unholy torment.
You are immune to petrification.


Message History

Sif Muna accepts your kill.
No target in view!
There is an open door, spattered with blood here.
Items here: )))) [[ ÷÷÷÷÷.
Things that are here:
a +0 trident; a +0 leather armour An efreet comes into view.
It is wielding a +2 scimitar of flaming and carrying a wand of polymorph (5).
An efreet is nearby!
The efreet zaps a wand.
You easily resist.
An orc wizard comes into view. It is wielding a +0 dagger.
The orc wizard mumbles some strange words.
The orc wizard flickers and vanishes!
Deactivating autopickup; reactivate with Ctrl-A.
The efreet misses you.
You sock the efreet!
The efreet is moderately wounded.
The efreet closely misses you.
You hit the efreet.
The efreet is moderately wounded.
The efreet hits you with a +2 scimitar of flaming!
The efreet burns you.
The efreet hits you with a +2 scimitar of flaming!!
The efreet burns you.
A puff of flame appears from out of thin air!
The puff of flame hits you but does no damage.
The efreet gestures at you.
The fireball explodes!
The fireball engulfs you!
* * * LOW HITPOINT WARNING * * *
You hear a roar!
Things that are here:
a +0 trident; a +0 leather armour An orc comes into view.
It is wielding a +0 club.
There is an open door, spattered with blood here.
Items here: )))) [[ ÷÷÷÷÷.
There is a stone staircase leading up here.
Okay, then.
As you read the scroll of summoning, it crumbles to dust.
Wisps of shadow whirl around you...
The efreet hits you with a +2 scimitar of flaming!
You die...

#.. .# .. #..
..#... #..
......#..#
#.####'#....#..# #
#.##...........##.
#h##..o.#.##...#.
#Z##....#.# ....#
#@Ro....#.# #...#.
#o##°...#.###...#.
#.##....#..##...#.
#.##....##.###...#
#.##....##.# #D..#
#.###......###.o.#
#.# #........#.).#
###############.#
#........#...#
#...............#
#........#...#


You could see an efreet (ally target), a friendly orc warrior (summoned), a
friendly black bear (summoned), 2 friendly orc wizards and a friendly centaur
zombie (summoned).

Vanquished Creatures
  A komodo dragon (D:8)
  A steam dragon (D:6)
  Menkaure (D:7)
  Duvessa (D:5)
  3 sky beasts
  2 ice beasts
  A black bear (D:5)
  A necrophage (D:7)
  3 ogres
  2 centaurs (D:7)
  A kobold brigand (D:7)
  2 bullfrogs
  2 wyvern zombies
  2 scorpions
  Dowan (D:5)
  A wyvern skeleton (D:7)
  A water moccasin skeleton (D:4)
  6 killer bees (D:7)
  4 wights (D:7)
  2 howler monkeys
  2 hounds (D:7)
  Crazy Yiuf (D:7)
  2 gnoll shamans
  2 jellies
  An orc priest (D:5)
  5 orc wizards
  An iguana (D:7)
  2 hound skeletons (D:5)
  A howler monkey zombie (D:7)
  15 gnolls
  A howler monkey skeleton (D:6)
  11 adders
  3 shadow imps (D:6)
  A white imp (D:7)
  2 ufetubi
  An adder zombie (D:5)
  4 worms
  3 dart slugs
  25 orcs
  4 ball pythons
  5 bats
  10 endoplasms
  2 giant cockroaches
  8 goblins
  7 hobgoblins
  4 jackals
  15 kobolds
  5 quokkas
  4 frilled lizards
  4 rats
189 creatures vanquished.

Vanquished Creatures (collateral kills)
  A killer bee zombie (D:5)
1 creature vanquished.

Vanquished Creatures (others)
  A howler monkey zombie (D:8)
  3 fungi (D:8)
  A plant (D:8)
5 creatures vanquished.

Grand Total: 195 creatures vanquished

Notes
Turn   | Place    | Note
-------+----------+-------------------------------------------
     0 | D:1      | hikkokomori the Gargoyle Earth Elementalist began the quest
                  | for the Orb.
     0 | D:1      | Reached XP level 1. HP: 10/10 MP: 3/3
   102 | D:1      | Reached skill level 4 in Earth Magic
   102 | D:1      | Reached XP level 2. HP: 15/15 MP: 0/5
  1233 | D:1      | Reached XP level 3. HP: 19/19 MP: 4/6
  2196 | D:2      | Reached XP level 4. HP: 24/24 MP: 5/8
  2444 | D:2      | Learned a level 2 spell: Passwall
  2448 | D:2      | Learned a level 3 spell: Stone Arrow
  2481 | D:3      | Reached skill level 5 in Earth Magic
  2980 | D:3      | Found a white marble altar of Elyvilon.
  2980 | D:3      | Found a faded altar of an unknown god.
  2987 | D:3      | Found a faded altar of an unknown god.
  2989 | D:3      | Found a sacrificial altar of Ru.
  2991 | D:3      | Found a basalt altar of Yredelemnul.
  3289 | D:3      | Reached skill level 1 in Conjurations
  3340 | D:3      | Reached skill level 1 in Fighting
  3462 | D:4      | Reached XP level 5. HP: 29/29 MP: 9/9
  3463 | D:4      | Reached skill level 1 in Maces & Flails
  3821 | D:4      | Reached XP level 6. HP: 31/35 MP: 10/10
  3913 | D:4      | Found a staircase to the Ecumenical Temple.
  4251 | D:4      | Found a sparkling altar of Nemelex Xobeh.
  4253 | D:4      | Found a shadowy altar of Dithmenos.
  4499 | D:4      | Identified the +7 spear of the Wilderness {freeze, rPois
                  | rF+ Str-5 Int+4}
  4528 | D:4      | Reached XP level 7. HP: 41/41 MP: 7/11
  4581 | Temple   | Entered the Ecumenical Temple
  4678 | Temple   | Became a worshipper of Sif Muna the Loreminder
  4812 | D:5      | Entered Level 5 of the Dungeon
  4839 | D:5      | Reached skill level 1 in Invocations
  5029 | D:5      | Found an ornate altar of the Wu Jian Council.
  5275 | D:5      | Reached skill level 6 in Earth Magic
  5440 | D:5      | Reached XP level 8. HP: 48/48 MP: 12/12
  5989 | D:5      | Noticed Duvessa
  5989 | D:5      | Noticed Dowan
  5999 | D:5      | Killed Duvessa
  6005 | D:5      | Killed Dowan
  6316 | D:5      | Reached skill level 5 in Fighting
  6660 | D:6      | Reached skill level 7 in Earth Magic
  6944 | D:6      | Reached * piety under Sif Muna
  6945 | D:6      | Reached skill level 5 in Maces & Flails
  7549 | D:7      | Reached skill level 1 in Evocations
  7549 | D:7      | Reached XP level 9. HP: 54/54 MP: 3/14
  7911 | D:7      | Found Xyucuh's Magic Scroll Shop.
  7922 | D:7      | Noticed Menkaure
  7930 | D:7      | Killed Menkaure
  7949 | D:7      | Bought a scroll of identify for 32 gold pieces
  7949 | D:7      | Bought a scroll of teleportation for 48 gold pieces
  7949 | D:7      | Bought a scroll of enchant armour for 120 gold pieces
  8077 | D:7      | Reached skill level 5 in Invocations
  8242 | D:7      | Reached skill level 8 in Earth Magic
  8291 | D:7      | Found Ahietwul's Antique Armour Boutique.
  8316 | D:7      | Found a runed translucent door.
  8317 | D:7      | Noticed Crazy Yiuf
  8323 | D:7      | Killed Crazy Yiuf
  8740 | D:7      | Found a glowing silver altar of Zin.
  8856 | D:7      | Found Mulliusch's Weapon Shoppe.
  9275 | D:7      | Bought a brightly glowing robe for 159 gold pieces
  9275 | D:7      | Identified the +0 robe of the Monkey {Stlth+} (You bought
                  | it in a shop on level 7 of the Dungeon)
  9283 | D:8      | Noticed a komodo dragon
  9288 | D:8      | Killed a komodo dragon
  9289 | D:8      | Reached skill level 5 in Spellcasting
  9289 | D:8      | Reached XP level 10. HP: 59/59 MP: 7/17
  9295 | D:8      | Reached skill level 9 in Earth Magic
  9394 | D:8      | Reached ** piety under Sif Muna
  9398 | D:8      | Noticed a six-headed hydra
  9595 | D:8      | Found a runed translucent gate.
  9595 | D:8      | Found a runed translucent gate.
  9595 | D:8      | Found a runed translucent gate.
  9611 | D:8      | Noticed Arctor's ghost (novice DrTm)
  9707 | D:8      | Slain by an efreet

Illustrated notes

Levels and vault maps discovered:
D:1:      minmay_arrival_nine_rooms, layout_basic
D:2:      layout_rooms
D:3:      layout_basic, chequers_temple_overflow_minitemple
D:4:      gammafunk_cloud_chamber, layout_loops_cross, jmf_multi_god_temple,
          minmay_temple_entry_wispy, uniq_pikel
D:5:      cheibrodos_iron_armory, layout_loops_corners,
          nicolae_wu_jian_wuxing_cycle, uniq_duvessa
D:6:      layout_cave_pods, hangedman_abyss_or_decor_stagger
D:7:      minmay_thinvault, layout_rooms, zin_academy, serial_shops,
          nicolae_shop_hallway_plus, shop, shop, uniq_crazy_yiuf_cottage,
          uniq_menkaure
D:8:      minmay_ornate_pinched, layout_basic, gammafunk_ghost_nasty_kobolds
Temple:   jpeg_temple_clearing

Skill      XL: |  1  2  3  4  5  6  7  8  9 10 |
---------------+-------------------------------+-----
Earth Magic    | 4 5 6 7 8 9 |  9.1
Spellcasting   | 3 5 |  5.3
Conjurations   | 1 2 3 |  3.1
Fighting       | 1 2 3 4 5 |  5.5
Maces & Flails | 2 3 5 |  5.0
Invocations    | 2 4 6 |  6.5
Evocations     | 1 3 4 |  4.0
Dodging        | |  1.5
Stealth        | |  2.1
Transmutations | |  0.7

Action                   |  1- 3 |  4- 6 |  7- 9 | 10-12 || total
-------------------------+-------+-------+-------+-------++-------
Melee: Short sword       |    22 |       |       |       ||    22
       Whip              |    45 |    12 |       |       ||    57
       Morningstar       |       |   113 |   274 |    39 ||   426
       Punch             |       |       |     6 |       ||     6
 Cast: Sandblast         |    37 |    26 |    23 |       ||    86
       Stone Arrow       |       |     2 |    22 |     1 ||    25
Evoke: Wand              |       |     1 |       |       ||     1
  Use: Scroll            |       |       |     7 |     2 ||     9
 Stab: Sleeping          |     2 |     3 |     5 |       ||    10
       Distracted        |       |       |     1 |       ||     1
Armor: Robe              |    32 |    68 |    55 |       ||   155
       Steam dragon scal |       |       |   116 |    29 ||   145
Dodge: Dodged            |    55 |   107 |   248 |    28 ||   438
